 Dungeon Crawl Stone Soup version 0.19-b1-4-gd8a0a2a (webtiles) character file.

102 Bytey the Firebug (level 4, 0/33 HPs)
             Began as a Hill Orc Fire Elementalist on Oct 30, 2016.
             Killed from afar by loom's ghost (22 damage)
             ... with an orb of energy
             ... on level 4 of the Dungeon.
             The game lasted 00:08:25 (2927 turns).

Bytey the Firebug (Hill Orc Fire Elementalist)      Turns: 2927, Time: 00:08:26

Health: 0/33       AC:  4    Str: 10    XL:     4   Next: 77%
Magic:  7/7        EV: 12    Int: 16    God:
Gold:   139        SH:  0    Dex: 11    Spells: 2 memorised, 4 levels left

rFire  . . .     SeeInvis .     q - +0 hand axe
rCold  . . .     Gourm    .     a - +0 robe
rNeg   . . .     Faith    .     (no shield)
rPois  .         Spirit   .     o - +2 hat
rElec  .         Reflect  .     (no cloak)
rCorr  .         Harm     .     (no gloves)
MR     .....                    (no boots)
Stlth  ++........               (no amulet)
                                (no ring)
                                (no ring)

@: no status effects
A: no striking features
a: no special abilities


You were on level 4 of the Dungeon.
You were not hungry.

You visited 1 branch of the dungeon, and saw 4 of its levels.

You collected 139 gold pieces.

Inventory:

Hand Weapons
 q - a +0 hand axe (weapon)
Armour
 a - a +0 robe (worn)
 o - a +2 hat (worn)
Scrolls
 d - a scroll of amnesia {unknown}
 g - a scroll of fog {unknown}
 h - 3 scrolls of identify {unknown}
 i - 3 scrolls of remove curse {unknown}
 k - a scroll of magic mapping {unknown}
 m - 2 scrolls of recharging {unknown}
Potions
 e - 3 potions of ambrosia {unknown}
 f - 2 potions of brilliance {unknown}
 j - 2 potions of agility {unknown}
 n - 4 potions of haste {unknown}
 r - 2 potions of cure mutation {unknown}
 s - a potion of degeneration {unknown}
Books
 b - a book of Flames

   Spells                             Type                      Level
   a - Flame Tongue                   Conjuration/Fire             1
   b - Throw Flame                    Conjuration/Fire             2
   c - Conjure Flame                  Conjuration/Fire             3
   d - Inner Flame                    Hexes/Fire                   3
   e - Sticky Flame                   Conjuration/Fire             4
   f - Fireball                       Conjuration/Fire             5
Comestibles
 c - 2 bread rations
 l - 2 meat rations


   Skills:
 - Level 1.5 Dodging
 - Level 1.5 Stealth
 + Level 2.6 Spellcasting
 + Level 2.4 Conjurations
 + Level 4.1 Fire Magic


You had 4 spell levels left.
You knew the following spells:

 Your Spells              Type           Power        Failure   Level  Hunger
a - Flame Tongue          Conj/Fire      ##...        8%          1    #......
b - Conjure Flame         Conj/Fire      ##......     17%         3    ###....


Dungeon Overview and Level Annotations

Branches:
Dungeon (4/15)
 Temple: D:4-7

Altars:

Annotations:
D:3 Sigmund
D:4 loom's ghost, novice DECj


Message History

Found 18 stones.
You see here a scroll labeled SIFOIXK KAOLAN.
A jackal skeleton is nearby!
You see here a scroll labeled PADIRPH PANOVUI.
Loom's ghost (novice Deep Elf Conjurer) comes into view.
It is wielding a weapon of protection.
Loom's ghost turns its malevolent gaze towards you.
Loom's ghost shouts, "They lied to you.
The Dungeon just goes down and down forever."
Loom's ghost gestures at you while chanting.
The magic dart hits you!
You hit the jackal skeleton.
The jackal skeleton is moderately damaged.
The jackal skeleton bites you but does no damage. x2
You slash the jackal skeleton!
You destroy the jackal skeleton!
Loom's ghost barely misses you.
Loom's ghost hits you but does no damage.
Loom's ghost points at you and mumbles some strange words.
The orb of energy hits you!
Ouch! That really hurt!
You die...

# .#. #. .#...... #.
.#.#.#.## #..
#####.(.##..## .
###..##...#........#.#
#.........#..##...#.##
#..#<......#....(...
.##.........#..?.#
............@.....#
#.##.......?.#W...# #
#.#......##........
...............##..#
.(<.##.....##...# ..
####.............. .
#.#####..##..... #
#..##...... #..#


You could see loom's ghost.

Vanquished Creatures
  2 adders (D:3)
  2 oozes (D:3)
  5 dart slugs (D:1)
  A leopard gecko (D:1)
  2 orcs
  3 giant cockroaches
  10 goblins
  10 hobgoblins
  8 kobolds
  A quokka (D:3)
  5 bats
  2 frilled lizards (D:2)
  A jackal skeleton (D:4)
  6 rats
58 creatures vanquished.

Notes
Turn   | Place    | Note
-------+----------+-------------------------------------------
     0 | D:1      | Bytey the Hill Orc Fire Elementalist began the quest for the Orb.
     0 | D:1      | Reached XP level 1. HP: 14/14 MP: 3/3
   134 | D:1      | Reached XP level 2. HP: 7/20 MP: 4/4
   807 | D:1      | Reached XP level 3. HP: 18/26 MP: 1/6
  2387 | D:2      | Learned a level 3 spell: Conjure Flame
  2446 | D:3      | Reached XP level 4. HP: 31/33 MP: 2/7
  2558 | D:3      | Reached skill level 4 in Fire Magic
  2695 | D:3      | Noticed Sigmund
  2921 | D:4      | Noticed loom's ghost (novice DECj)
  2927 | D:4      | Killed from afar by loom's ghost

Skill      XL: |  1  2  3  4 |
---------------+-------------+-----
Spellcasting   | 2 |  2.6
Conjurations   | 2 |  2.4
Fire Magic     | 4 |  4.1
Dodging        | |  1.5
Stealth        | |  1.5

Action                   |  1- 3 |  4- 6 || total
-------------------------+-------+-------++-------
Melee: Unarmed           |    15 |       ||    15
       Short sword       |    94 |       ||    94
       Hand axe          |       |    55 ||    55
 Cast: Flame Tongue      |    50 |    14 ||    64
 Stab: Sleeping          |       |     1 ||     1
  Eat: Chunk             |     6 |     2 ||     8
Armor: Robe              |    23 |    18 ||    41
Dodge: Dodged            |    88 |    47 ||   135
